 Dungeon Sprint DCSS version 0.30.1-9-gdf580d7c3d (webtiles) character file.

Game seed: 2874039658304779987

690 Heoruswealwe the Spear-Bearer (level 7, -14/73 HPs)
             Began as a Minotaur Fighter on Sept 29, 2023.
             Demolished by a boulder beetle (25 damage)
             ... in the Dungeon (Sprint IX: "|||||||||||||||||||||||||||||").
             The game lasted 00:01:23 (148 turns).

Heoruswealwe the Spear-Bearer (Minotaur Fighter)     Turns: 148, Time: 00:01:24

Health: -14/73     AC:  8    Str: 22    XL:     7   Next: 36%
Magic:  6/6        EV:  9    Int:  5    God:
Gold:   0          SH:  4    Dex: 10    Spells: 6/6 levels left

rFire   . . .        a - +0 trident
rCold   . . .        d - +0 buckler
rNeg    . . .        c - +0 scale mail
rPois   .            (helmet restricted)
rElec   .            (no cloak)
rCorr   .            (no gloves)
SInv    .            (no boots)
Will    .....        (no amulet) Stlth
                     (no ring)
HPRegen 0.32/turn    (no ring)
MPRegen 0.10/turn

%: no teleportation
@: no status effects
A: horns 2, retaliatory headbutt
a: no special abilities


You were in the Dungeon.
You visited 1 branch

Inventory:

Hand Weapons
 a - a +0 trident (weapon)
Armour
 c - a +0 scale mail (worn)
 d - a +0 buckler (worn)
Jewellery
 m - a +3 ring of intelligence
 n - a +3 ring of intelligence
Wands
 l - a wand of roots (10)
Scrolls
 j - 2 scrolls of blinking
 k - 2 scrolls of amnesia
Potions
 b - a potion of might
 e - 5 potions of curing
 f - 3 potions of heal wounds
 g - a potion of haste
 h - a potion of invisibility
 i - a potion of berserk rage


   Skills:
 + Level 10.3 Fighting
 * Level 13.7 Polearms
 + Level 10.3 Armour
 - Level 3.6 Shields


You had 6 spell levels left.
You didn't know any spells.
Your spell library was empty.

Dungeon Overview and Level Annotations

Branches:
Dungeon (1/1)

Altars:
Cheibriados
Dithmenos
Elyvilon
Fedhas
Gozag
Hepliaklqana
Kikubaaqudgha
Makhleb
Nemelex Xobeh
Okawaru
Qazlal
Ru
Sif Muna
Trog
Uskayaw
Vehumet
Wu Jian
Xom
Yredelemnul
Zin
The Shining One
Jiyva
Lugonu


Innate Abilities, Weirdness & Mutations

You have a pair of horns on your head.
You reflexively headbutt those who attack you in melee.


Message History

* * * LOW HITPOINT WARNING * * *
You hit the centaur.
The centaur is severely wounded.
The centaur hits you.
* * * LOW HITPOINT WARNING * * *
The centaur barely misses you.
You hit the centaur.
The centaur is almost dead.
The centaur hits you but does no damage.
You block the centaur's attack.
You hit the centaur but do no damage.
The centaur is almost dead.
The centaur hits you but does no damage.
You block the centaur's attack.
You barely miss the centaur.
The centaur is almost dead.
The centaur closely misses you.
The centaur kicks you but does no damage.
You hit the centaur but do no damage.
The centaur is almost dead.
The centaur completely misses you.
The centaur kicks you but does no damage.
You hit the centaur.
The centaur is almost dead.
The centaur hits you but does no damage.
The centaur kicks you but does no damage.
You hit the centaur.
You kill the centaur!
Things that are here:
a +0 shortbow; a centaur corpse You open the door.
A boulder beetle, a troll, a centaur warrior, a deep elf pyromancer, a cyclops and a two-headed ogre come into view.
The troll shouts!
The centaur warrior shouts!
The deep elf pyromancer shouts!
The two-headed ogre shouts in stereo!
The troll changes into a salamander!
The boulder beetle curls into a ball and begins rolling!
The deep elf pyromancer mumbles some strange words.
The deep elf pyromancer blinks!
The boulder beetle hits you!!
You die... ▓▓▓▓▓▓▓▓▓▓▓▓▓▓▓▓▓▓▓▓▓▓▓▓ !.).[[[..)).)...@BNceCO+ ▓▓▓▓▓▓▓▓▓▓▓▓▓▓▓▓▓▓▓▓▓▓▓▓

You could see a boulder beetle (rolling), a salamander shaped shifter, a centaur warrior, a two-headed ogre, a cyclops and a deep elf pyromancer.

Vanquished Creatures
  2 yaks (D)
  An acid dragon (D)
  An orc warrior (D)
  A centaur (D)
  A wight (D)
  A hound (D)
  An iguana (D)
  A worm (D)
  An orc (D)
  A goblin (D)
  A hobgoblin (D)
  A jackal (D)
  A ball python (D)
  2 bats (D)
16 creatures vanquished.

Notes
Turn   | Place    | Note
-------+----------+-------------------------------------------
     0 | D        | Heoruswealwe the Minotaur Fighter began the quest for the
                  | Orb.
     0 | D        | Reached XP level 1. HP: 19/19 MP: 0/0
     9 | D        | Reached skill level 3 in Polearms
    26 | D        | Noticed a hound
    26 | D        | Noticed an iguana
    33 | D        | Reached skill level 4 in Polearms
    33 | D        | Reached XP level 2. HP: 28/28 MP: 1/1
    42 | D        | Reached skill level 5 in Fighting
    42 | D        | Reached skill level 6 in Polearms
    42 | D        | Reached skill level 5 in Armour
    42 | D        | Reached XP level 3. HP: 33/36 MP: 2/2
    52 | D        | Found a snail-covered altar of Cheibriados.
    52 | D        | Found a shadowy altar of Dithmenos.
    52 | D        | Found a white marble altar of Elyvilon.
    52 | D        | Found a blossoming altar of Fedhas.
    52 | D        | Found an opulent altar of Gozag.
    53 | D        | Found a hazy altar of Hepliaklqana.
    54 | D        | Found a viscous altar of Jiyva.
    55 | D        | Found an ancient bone altar of Kikubaaqudgha.
    56 | D        | Found a corrupted altar of Lugonu.
    57 | D        | Found a burning altar of Makhleb.
    58 | D        | Found a sparkling altar of Nemelex Xobeh.
    59 | D        | Found an iron altar of Okawaru.
    60 | D        | Found a stormy altar of Qazlal.
    61 | D        | Found a sacrificial altar of Ru.
    62 | D        | Found a shimmering blue altar of Sif Muna.
    63 | D        | Found a bloodstained altar of Trog.
    64 | D        | Found a hide-covered altar of Uskayaw.
    65 | D        | Found a radiant altar of Vehumet.
    66 | D        | Found an ornate altar of the Wu Jian Council.
    67 | D        | Found a shimmering altar of Xom.
    68 | D        | Found a basalt altar of Yredelemnul.
    69 | D        | Found a glowing silver altar of Zin.
    70 | D        | Found a glowing golden altar of the Shining One.
    96 | D        | Noticed an orc warrior
    96 | D        | Noticed a wight
    96 | D        | Noticed an acid dragon
    96 | D        | Noticed a yak
    96 | D        | Noticed a yak
    96 | D        | Noticed a centaur
   102 | D        | Killed an orc warrior
   103 | D        | Reached skill level 9 in Polearms
   103 | D        | Reached XP level 4. HP: 47/47 MP: 3/3
   103 | D        | Reached XP level 5. HP: 52/52 MP: 4/4
   107 | D        | Reached skill level 10 in Polearms
   114 | D        | Killed an acid dragon
   115 | D        | Reached skill level 11 in Polearms
   115 | D        | Reached XP level 6. HP: 22/62 MP: 5/5
   123 | D        | Killed a yak
   124 | D        | Reached skill level 12 in Polearms
   129 | D        | Killed a yak
   130 | D        | Reached skill level 10 in Fighting
   130 | D        | Reached skill level 13 in Polearms
   130 | D        | Reached skill level 10 in Armour
   130 | D        | Reached XP level 7. HP: 9/72 MP: 6/6
   147 | D        | Noticed a boulder beetle
   147 | D        | Noticed a troll
   147 | D        | Noticed a centaur warrior
   147 | D        | Noticed a deep elf pyromancer
   147 | D        | Noticed a cyclops
   147 | D        | Noticed a two-headed ogre
   147 | D        | a troll changed into a salamander
   147 | D        | Noticed a salamander (shapeshifter)
   148 | D        | Demolished by a boulder beetle

Illustrated notes

Levels and vault maps discovered:
D:        linesprint [early_d, line_temple, items_1, d_10, items_2, lair_1,
          lair_end, items_3, orc_1, orc_end, items_4, d_15, swamp_1, shoals_1,
          snake_1, spider_1, d_20, vaults_1, items_5, swamp_end, shoals_end,
          snake_end, spider_end, vaults_end, d_27, items_6, zot_1, zot_end,
          crypt_end, forest_end, elf_end, slime_end, tomb_end, abyss_end,
          pan_hell_end]

Skill      XL: |  1  2  3  4  5  6 |
---------------+-------------------+-----
Polearms       | 4 6 9 11 13 | 13.7
Fighting       | 4 5 7 8 10 | 10.3
Armour         | 4 5 7 8 10 | 10.3
Shields        | |  3.6

Action                     |  1- 3 |  4- 6 |  7- 9 || total
---------------------------+-------+-------+-------++-------
  Melee: Trident           |    40 |    25 |    12 ||    77
         Headbutt          |     8 |     5 |     1 ||    14
 Armour: Scale mail        |    15 |     7 |    13 ||    35
  Dodge: Dodged            |    13 |     3 |     5 ||    21
  Block: Buckler           |    11 |     4 |     4 ||    19
